 Dungeon Crawl Stone Soup version 0.16.1-16-gc44b35d (webtiles) character file.

1141 HAL9000jb88 the Covered (level 8, 0/60 HPs)
             Began as a Human Fighter on Apr 15, 2015.
             Was a Follower of Zin.
             Succumbed to Siriah's ghost's poison
             ... on level 5 of the Dungeon.
             The game lasted 01:33:01 (6863 turns).

HAL9000jb88 the Covered (Human Fighter)             Turns: 6863, Time: 01:33:01

Health: 0/60       AC: 10    Str: 24    XL:     8   Next: 64%
Magic:  2/9        EV: 10    Int:  8    God:    Zin [*.....]
Gold:   83         SH: 10    Dex: 12    Spells: 1 memorised, 6 levels left

rFire  . . .     SeeInvis .     q - +10 whip of Suicidal Tendencies {elec, rC++ Str+4 Stlth-}
rCold  + + .     Clarity  .     b - +0 scale mail
rNeg   . . .     SustAb   .     c - +0 shield
rPois  .         Gourm    .     (no helmet)
rElec  .         Spirit   +     o - +2 cloak {+Inv}
rCorr  .         Warding  .     (no gloves)
rMut   .         Stasis   .     (no boots)
MR     .....                    u - amulet of guardian spirit
Stlth  ..........               (no ring)
                                (no ring)

@: lethally poisoned (0 -> -9), very slightly contaminated, glowing, not
resistant to hostile enchantments, extremely unstealthy
A: no striking features
a: Recite, Renounce Religion, Evoke Invisibility


You were on level 5 of the Dungeon.
You worshipped Zin.
Zin was aware of your devotion.
You were not hungry.

You visited 1 branch of the dungeon, and saw 5 of its levels.

You collected 137 gold pieces.
You donated 54 gold pieces to Zin.

Inventory:

Hand weapons
 a - a +0 long sword
 e - a +1 whip of electrocution
 q - the +10 whip of Suicidal Tendencies (weapon) {elec, rC++ Str+4 Stlth-}
   (You found it on level 4 of the Dungeon)

   Occasionally, upon striking a foe, it will discharge some electrical energy
   and cause terrible harm.
   It affects your strength (+4).
   It greatly protects you from cold.
   It makes you less stealthy.
 v - a +0 blowgun
 y - a +0 hammer of crushing
Missiles
 f - 38 bolts
 n - 2 tomahawks
 r - 26 arrows
 t - 27 sling bullets
 w - 10 poisoned needles
 x - 6 javelins (quivered)
Armour
 b - a +0 scale mail (worn)
 c - a +0 shield (worn)
 o - a +2 cloak of invisibility (worn)
Jewellery
 d - an uncursed ring of teleportation
 u - an amulet of guardian spirit (around neck)
Magical devices
 l - a wand of slowing (10)
 s - a wand of fire (2)
Scrolls
 g - a scroll of recharging
 h - a scroll of remove curse
 i - a scroll of fog
 j - a scroll of blinking
 p - a scroll of identify
Potions
 m - a potion of flight
Books
 k - a book of Battle

   Spells                             Type                      Level
   a - Infusion                       Charms                       1
   b - Shroud of Golubria             Charms/Translocation         2
   c - Song of Slaying                Charms                       2
   d - Spectral Weapon                Hexes/Charms                 3
   e - Regeneration                   Charms/Necromancy            3


   Skills:
 + Level 4.2 Fighting
 + Level 2.6 Long Blades
 + Level 1.5 Maces & Flails
 + Level 2.6 Throwing
 + Level 5.8 Armour
 + Level 4.4 Dodging
 + Level 1.0 Stealth
 + Level 5.1 Shields
 + Level 0.9 Evocations


You had 6 spell levels left.
You knew the following spells:

 Your Spells              Type           Power        Failure   Level  Hunger
a - Infusion              Chrm           #.....       100%        1    ##.....


Dungeon Overview and Level Annotations

Branches:
Dungeon (5/15)
 Temple: D:4-7

Altars:
Ru
Vehumet
Yredelemnul
Zin
The Shining One

Shops:
D:3 *

Annotations:
D:4 Siriah's ghost, average NaEn


Message History

* * * LOW HITPOINT WARNING * * *
You feel sick. The centaur hits you!
* * * LOW HITPOINT WARNING * * *
* * * LOW HITPOINT WARNING * * *
You feel sick. The centaur completely misses you.
The centaur closely misses you.
There is a stone staircase leading down here.
* * * LOW HITPOINT WARNING * * *
You feel sick. The centaur hits you.
* * * LOW HITPOINT WARNING * * *
You climb downwards.
Zin protects you from harm!
There is a stone staircase leading up here.
You feel less confused.
* * * LOW HITPOINT WARNING * * *
You feel sick.
The centaur hits you but does no damage.
You hit the centaur.
The centaur is almost dead.
You die...

*** #.###....###.## **,* #.#
#..##.#.## # *,**
#.###..#....# ### *.,*
##.#......#.####.. **#..*
#.........#.##... **....#*
##.........#....#.
*,*#...####..............##.
****#...#......).......#..#.
#......@..........##....
*#.##..c#<>...........##.
**,*##..#รท...........#####
#.###..)#...........##
*#...................#
*#..................#.#*
*.########.........##..*
***,*** ##........####.** **
*#..###..........#**,,***,


You could see a centaur.

Vanquished Creatures
  Eustachio (D:4)
  Menkaure (D:3)
  A sky beast (D:5)
  2 phantoms
  An ogre (D:5)
  A scorpion (D:3)
  A hound (D:5)
  A goliath beetle (D:5)
  Crazy Yiuf (D:4)
  An iguana (D:5)
  An orc priest (D:2)
  An orc wizard (D:3)
  Natasha (thrice) (D:3)
  4 worker ants
  7 adders
  3 worms
  An ooze (D:5)
  6 orcs
  2 ball pythons
  9 bats
  3 giant cockroaches
  12 hobgoblins
  13 jackals
  3 quokkas
  3 giant geckos
  3 giant newts
  7 goblins
  8 kobolds
  A quokka zombie (D:5)
  8 rats
  A bush (D:2)
110 creatures vanquished.

Notes
Turn   | Place    | Note
--------------------------------------------------------------
     0 | D:1      | HAL9000jb88, the Human Fighter, began the quest for the Orb.
     0 | D:1      | Reached XP level 1. HP: 18/18 MP: 1/1
   270 | D:1      | Reached XP level 2. HP: 17/24 MP: 2/2
   823 | D:1      | Reached XP level 3. HP: 29/29 MP: 3/3
  1730 | D:2      | Reached XP level 4. HP: 21/35 MP: 4/4
  1940 | D:2      | Reached skill level 1 in Dodging
  2204 | D:2      | Found a radiant altar of Vehumet.
  2204 | D:2      | Found a sacrificial altar of Ru.
  2392 | D:2      | Found a basalt altar of Yredelemnul.
  2665 | D:2      | Reached XP level 5. HP: 34/41 MP: 5/5
  2787 | D:3      | Reached skill level 4 in Armour
  2925 | D:3      | Found a glowing silver altar of Zin.
  2927 | D:3      | Found Zin's Purification Station.
  2938 | D:3      | Became a worshipper of Zin the Law-Giver
  2939 | D:3      | Donated 41 gold pieces to Zin
  3057 | D:3      | Noticed Natasha
  3074 | D:3      | Killed Natasha
  3074 | D:3      | Reached XP level 6. HP: 43/48 MP: 6/6
  3244 | D:3      | Noticed Natasha
  3251 | D:3      | Killed Natasha
  3308 | D:3      | Noticed Natasha
  3320 | D:3      | Killed Natasha
  3473 | D:3      | Acquired Zin's first power
  3758 | D:4      | Noticed Menkaure
  3776 | D:3      | Killed Menkaure
  3776 | D:3      | Reached skill level 1 in Throwing
  3787 | D:3      | Reached XP level 7. HP: 18/53 MP: 7/7
  4031 | D:4      | Noticed Eustachio
  4418 | D:4      | Killed Eustachio
  4466 | D:4      | Noticed Crazy Yiuf
  4507 | D:4      | Killed Crazy Yiuf
  4736 | D:4      | Noticed Siriah's ghost (average NaEn)
  4743 | D:5      | Entered Level 5 of the Dungeon
  4939 | D:5      | Reached skill level 5 in Armour
  5577 | D:4      | Reached skill level 1 in Maces & Flails
  5577 | D:4      | Reached XP level 8. HP: 53/60 MP: 8/8
  6230 | D:5      | Learned a level 1 spell: Infusion
  6303 | D:5      | Reached skill level 1 in Stealth
  6303 | D:5      | Reached skill level 5 in Shields
  6655 | D:4      | Got an ancient whip
  6657 | D:4      | Identified the +10 whip of Suicidal Tendencies {elec, rC++ Str+4 Stlth-} (You found it on level 4 of the Dungeon)
  6749 | D:4      | Found a glowing golden altar of the Shining One.
  6859 | D:4      | HP: 3/60 [poisoned by Siriah's ghost]
  6860 | D:4      | HP: 1/60 [centaur (1)]
  6861 | D:5      | Zin protects you from harm!
  6863 | D:5      | Succumbed to Siriah's ghost's poison

Action                   |  1- 3 |  4- 6 |  7- 9 || total
-------------------------+-------+-------+-------++-------
Melee: Long sword        |   192 |   161 |    84 ||   437
       Hammer            |       |       |   132 ||   132
       Whip              |       |       |    32 ||    32
 Fire: Blowgun           |       |    25 |    22 ||    47
Throw: Stone             |     6 |    22 |       ||    28
       Javelin           |       |    14 |    37 ||    51
Evoke: Wand              |       |       |     9 ||     9
  Use: Scroll            |     3 |     4 |    12 ||    19
       Potion            |       |     6 |     5 ||    11
 Stab: Distracted        |       |     1 |     1 ||     2
  Eat: Chunk             |     2 |     3 |     2 ||     7
       Bread ration      |     1 |       |     2 ||     3
